[Event "Titled Tuesday Blitz August 1 Early 2023"]
[White "Pandey Srishti"]
[Black "Tologon tegin, Semetei"]
[WhiteFideId "35093290"]
[BlackFideId "13800574"]
[WhiteElo "2430"]
[BlackElo "2575"]
[Result "1-0"]
[Round "5"]
[TimeControl "180+1"]
[Date "2023.08.01"]
[WhiteClock "0:00:05"]
[BlackClock "0:00:00"]
[Board "121"]

1. e4 e5 2. Nf3 Nc6 3. Bc4 Bc5 4. c3 Nf6 5. d4 exd4 6. cxd4 Bb4+ 7. Bd2 Bxd2+ 8. Nbxd2 d5 9. exd5 Nxd5 10. Qb3 Nce7 11. O-O O-O 12. Rfe1 c6 13. Rad1 Rb8 14. Ne4 Bf5 15. Ng3 Bg4 16. h3 Bxf3 17. Qxf3 Qd7 18. Ne4 Rfe8 19. Nc5 Qc7 20. a3 Rbd8 21. Ba2 b6 22. Nd3 Ng6 23. Bxd5 cxd5 24. Nb4 Rxe1+ 25. Rxe1 Qd7 26. Nd3 h6 27. Kh2 a5 28. g3 Rc8 29. h4 Qd6 30. h5 Nf8 31. Ne5 Rc7 32. Qg4 Ne6 33. Re2 Ng5 34. Qf5 Ne4 35. f3 Ng5 36. Nc4 dxc4 37. Re8+ Qf8 38. Rxf8+ Kxf8 39. Kg2 c3 40. bxc3 Rxc3 41. f4 Ne6 42. Qb5 Rc2+ 43. Kf1 Nxd4 44. Qxb6 Nc6 45. Qc7 Ke8 46. Qc8+ Ke7 47. Qb7+ Kf6 48. Qb6 Kf5 49. Qb7 Kf6 50. Qd7 g6 51. Qd6+ Kg7 52. hxg6 fxg6 53. Qd7+ Kf6 54. Qd6+ Kg7 55. Ke1 h5 56. Qe6 Rc1+ 57. Kd2 Rc2+ 58. Kd1 Kh6 59. Qe8 1-0


[Site "https://www.chess.com"]

[Event "Titled Tuesday Blitz August 1 Early 2023"]
[White "Saya, Ethan"]
[Black "Rangel, Daniel"]
[WhiteFideId "26095181"]
[BlackFideId "2124475"]
[WhiteElo "2575"]
[BlackElo "2429"]
[Result "1-0"]
[Round "5"]
[TimeControl "180+1"]
[Date "2023.08.01"]
[WhiteClock "0:00:26"]
[BlackClock "0:00:00"]
[Board "122"]

1. d4 Nf6 2. c4 e6 3. Nc3 d5 4. cxd5 exd5 5. Bg5 c6 6. e3 Be7 7. Bd3 Nbd7 8. Qc2 Nh5 9. Bxe7 Qxe7 10. Rc1 g6 11. Nxd5 Qd6 12. Nc3 O-O 13. Nf3 Ndf6 14. O-O Bg4 15. Ne5 Rae8 16. Ne4 Nxe4 17. Nxg4 Ng5 18. Ne5 f6 19. Nc4 Qd7 20. Be2 Ng7 21. Nd2 h5 22. h4 Nh7 23. Qxg6 f5 24. Bc4+ Kh8 25. Nf3 Rf6 26. Qg3 Qd6 27. Ne5 Ne6 28. Ng6+ Kg7 29. Qxd6 Rxg6 30. Qd7+ Kf8 31. Qxh7 Rg7 32. Qh8+ Ke7 33. Qxh5 Reg8 34. g3 f4 35. Bxe6 Kxe6 36. exf4 Kd7 37. Qf5+ Kc7 38. Rfe1 Rd7 39. h5 Rd5 40. Re5 1-0


[Site "https://www.chess.com"]

[Event "Titled Tuesday Blitz August 1 Early 2023"]
[White "Kashlinskaya, Alina"]
[Black "Sliwicki, Damian"]
[WhiteFideId "4198026"]
[BlackFideId "1127128"]
[WhiteElo "2574"]
[BlackElo "2426"]
[Result "1-0"]
[Round "5"]
[TimeControl "180+1"]
[Date "2023.08.01"]
[WhiteClock "0:00:52"]
[BlackClock "0:00:06"]
[Board "123"]

1. c4 Nf6 2. Nc3 e6 3. e4 d5 4. e5 Nfd7 5. d4 dxc4 6. Bxc4 c5 7. Nf3 Nc6 8. Bf4 cxd4 9. Nb5 Bb4+ 10. Kf1 O-O 11. Nbxd4 Qb6 12. Nxc6 bxc6 13. h4 Bc5 14. Qe2 a5 15. Rd1 Kh8 16. Ng5 h6 17. Qe4 f5 18. Qe2 Nb8 19. Nxe6 Bxe6 20. Bxe6 Na6 21. Rh3 Rab8 22. b3 Nb4 23. Rd7 Nd5 24. Bxd5 cxd5 25. Rg3 Rg8 26. e6 a4 27. Bxh6 Bd4 28. Qh5 g6 29. Bg7# 1-0


[Site "https://www.chess.com"]

[Event "Titled Tuesday Blitz August 1 Early 2023"]
[White "Bilan, Danila"]
[Black "Davidson, Kevin"]
[WhiteFideId "24161918"]
[BlackFideId "2056810"]
[WhiteElo "2573"]
[BlackElo "2427"]
[Result "1-0"]
[Round "5"]
[TimeControl "180+1"]
[Date "2023.08.01"]
[WhiteClock "0:00:03"]
[BlackClock "0:00:00"]
[Board "124"]

1. d4 Nf6 2. Nf3 g6 3. Bg5 Bg7 4. c3 d6 5. Nbd2 h6 6. Bh4 O-O 7. e4 Nc6 8. Bc4 e5 9. dxe5 dxe5 10. O-O Qe8 11. Qc2 Nh5 12. Rfe1 Nd8 13. Nf1 Ne6 14. Ne3 c6 15. a4 Nef4 16. Rad1 Be6 17. Qb3 Bxc4 18. Nxc4 Qe6 19. Rd6 Qg4 20. Bg3 Nh3+ 21. Kf1 N5f4 22. Ncxe5 Bxe5 23. Nxe5 Qh5 24. Nf3 Qg4 25. Red1 Nxg2 26. Kxg2 Nf4+ 27. Kf1 Qxf3 28. Bxf4 Qxf4 29. Qc2 Qxh2 30. e5 Qxe5 31. Rd7 Rae8 32. Qb3 Qg5 33. Rxb7 Qe5 34. Qc4 Qg5 35. Rxa7 Re6 36. Rdd7 Rfe8 37. Rd1 1-0


[Site "https://www.chess.com"]

[Event "Titled Tuesday Blitz August 1 Early 2023"]
[White "Ambartsumova, Karina"]
[Black "Fernandez Garcia, Gumersindo"]
[WhiteFideId "4166299"]
[BlackFideId "24516740"]
[WhiteElo "2570"]
[BlackElo "2425"]
[Result "1-0"]
[Round "5"]
[TimeControl "180+1"]
[Date "2023.08.01"]
[WhiteClock "0:00:37"]
[BlackClock "0:00:44"]
[Board "125"]

1. c4 Nf6 2. Nc3 e6 3. e4 d5 4. e5 Nfd7 5. d4 dxc4 6. Bxc4 a6 7. a4 c5 8. Nf3 Nc6 9. d5 Ncxe5 10. dxe6 fxe6 11. Bxe6 Nxf3+ 12. Qxf3 Ne5 13. Qh5+ g6 14. Qxe5 Qe7 15. Nd5 Bg7 16. Nxe7 Bxe5 17. Nxc8 Kd8 18. Bg5+ Kc7 19. O-O-O Re8 20. Ne7 b5 21. a5 h6 22. Rd7+ Kb8 23. Nc6+ Kc8 24. Re7# 1-0


[Site "https://www.chess.com"]

[Event "Titled Tuesday Blitz August 1 Early 2023"]
[White "Harriott, Tyrell"]
[Black "To, Nhat Minh"]
[WhiteFideId "2086484"]
[BlackFideId "729019"]
[WhiteElo "2424"]
[BlackElo "2552"]
[Result "0-1"]
[Round "5"]
[TimeControl "180+1"]
[Date "2023.08.01"]
[WhiteClock "0:00:00"]
[BlackClock "0:00:02"]
[Board "126"]

1. d4 Nf6 2. e3 d5 3. Bd3 c5 4. c3 Nc6 5. f4 Bg4 6. Ne2 e6 7. Bd2 Bd6 8. O-O O-O 9. Bc1 Bf5 10. Ng3 Bxd3 11. Qxd3 Qb6 12. Kh1 Rfe8 13. Nd2 Ne7 14. Nf3 Ng6 15. Ne5 Rac8 16. b3 Rc7 17. Bb2 Rec8 18. c4 cxd4 19. Bxd4 Qa6 20. Rfc1 Bxe5 21. fxe5 Ng4 22. Qe2 N4xe5 23. Qh5 Nd3 24. Rf1 dxc4 25. Ne4 e5 26. Ng5 h6 27. Nxf7 exd4 28. Nxh6+ gxh6 29. Qxh6 Rh7 30. Qg5 Qd6 31. h3 Rg7 32. Rf6 Qe7 33. Raf1 Re8 34. Qf5 dxe3 0-1


[Site "https://www.chess.com"]

[Event "Titled Tuesday Blitz August 1 Early 2023"]
[White "Cheer_Down"]
[Black "Postlmayer, Jakob"]
[BlackFideId "1643622"]
[WhiteElo "2421"]
[BlackElo "2552"]
[Result "0-1"]
[Round "5"]
[TimeControl "180+1"]
[Date "2023.08.01"]
[WhiteClock "0:00:00"]
[BlackClock "0:00:06"]
[Board "127"]

1. e4 c5 2. Nf3 e6 3. g3 Nc6 4. Bg2 Nf6 5. Qe2 e5 6. c3 Be7 7. O-O O-O 8. Na3 d6 9. Nc2 Re8 10. d4 Bf8 11. dxc5 dxc5 12. Bg5 h6 13. Bxf6 Qxf6 14. Ne3 Be6 15. Nh4 Rad8 16. b3 g6 17. Rad1 Rxd1 18. Rxd1 Rd8 19. Rxd8 Qxd8 20. Nd5 Be7 21. Qb5 Bc8 22. Nf3 Bf8 23. Nd2 a6 24. Qb6 Qxb6 25. Nxb6 Be6 26. Nd5 b5 27. a4 Bd6 28. Bf1 Na7 29. Nb1 Kg7 30. Na3 Bxd5 31. exd5 c4 32. axb5 axb5 33. b4 e4 34. f3 exf3 35. Kf2 Kf6 36. Kxf3 Ke5 37. Nc2 Kxd5 38. Ne3+ Ke6 39. Bh3+ f5 40. g4 fxg4+ 41. Bxg4+ Kf7 42. h3 Be5 43. Nd5 h5 44. Bd7 Bg7 45. Ke4 g5 46. Kf5 Bh6 47. Be6+ Kf8 48. Kg6 Bg7 49. Kxg5 Nc6 50. Kf5 Ne7+ 51. Nxe7 Kxe7 52. Bc8 Kd6 53. Ba6 Kc6 54. Kg5 Bxc3 55. Kxh5 Bxb4 56. Kg4 Bd2 57. Kf3 Kc5 58. Ke2 Bh6 59. Bc8 b4 60. Kd1 Kd4 61. Kc2 b3+ 62. Kb2 Bg7 63. Be6 Kc5+ 64. Kb1 Kb4 65. Bf5 Kc3 66. Bg6 Kb4 67. Bf5 Bf6 68. Bg6 Kc5 69. Bf5 Kd4 70. Bg6 c3 71. Bf5 Ke3 72. Kc1 Bg5 0-1


[Site "https://www.chess.com"]

[Event "Titled Tuesday Blitz August 1 Early 2023"]
[White "Porter, Ryan W"]
[Black "WindWhistler11"]
[WhiteFideId "2011239"]
[WhiteElo "2551"]
[BlackElo "2420"]
[Result "0-1"]
[Round "5"]
[TimeControl "180+1"]
[Date "2023.08.01"]
[WhiteClock "0:00:43"]
[BlackClock "0:01:05"]
[Board "128"]

1. e4 e6 2. Nf3 d5 3. e5 c6 4. d4 f6 5. Bd3 Qc7 6. O-O Nd7 7. Bf4 f5 8. h4 Be7 9. c3 Nh6 10. Bxh6 gxh6 11. Qd2 Bf8 12. Na3 Rg8 13. Nc2 Nb6 14. g3 Qf7 15. Nfe1 f4 16. Kh2 h5 17. Ng2 Bh6 18. Nxf4 Rg4 19. Kh3 Bxf4 20. gxf4 Qe7 21. f3 Qxh4# 0-1


[Site "https://www.chess.com"]

[Event "Titled Tuesday Blitz August 1 Early 2023"]
[White "Der_Balak_3Halak"]
[Black "Onufrienko, Vladislav"]
[BlackFideId "13804332"]
[WhiteElo "2418"]
[BlackElo "2551"]
[Result "0-1"]
[Round "5"]
[TimeControl "180+1"]
[Date "2023.08.01"]
[WhiteClock "0:00:05"]
[BlackClock "0:01:26"]
[Board "129"]

1. b3 d5 2. Bb2 c5 3. e3 Nc6 4. Bb5 Nf6 5. Nf3 Bg4 6. O-O e6 7. c4 a6 8. Bxc6+ bxc6 9. d3 Be7 10. Nbd2 O-O 11. Qc2 a5 12. Ne5 Bh5 13. Nxc6 Qd7 14. Nxe7+ Qxe7 15. cxd5 Nxd5 16. Ne4 Rac8 17. Rac1 Nb4 18. Qd2 Rfd8 19. d4 Nxa2 20. Ra1 Nb4 21. Rxa5 Bg6 22. Nxc5 Nc6 23. Raa1 Qxc5 24. Rfc1 Qb6 25. Qc3 h6 26. d5 Nd4 27. Qxd4 Qxd4 28. Bxd4 Rxc1+ 29. Rxc1 Rxd5 30. Rc5 Rd7 31. b4 f6 32. b5 e5 33. Bc3 Rd1+ 0-1


[Site "https://www.chess.com"]

[Event "Titled Tuesday Blitz August 1 Early 2023"]
[White "Gauravthegm"]
[Black "NovozhilovSemen"]
[WhiteElo "2411"]
[BlackElo "2547"]
[Result "0-1"]
[Round "5"]
[TimeControl "180+1"]
[Date "2023.08.01"]
[WhiteClock "0:00:07"]
[BlackClock "0:00:55"]
[Board "130"]

1. e4 e6 2. d4 d5 3. Nd2 c5 4. Ngf3 Nf6 5. e5 Nfd7 6. dxc5 Nc6 7. Nb3 Ndxe5 8. Nxe5 Nxe5 9. Be2 Be7 10. O-O O-O 11. Re1 Nd7 12. Be3 Qc7 13. c4 dxc4 14. Bxc4 Nxc5 15. Rc1 Rd8 16. Qg4 Nxb3 17. Bxb3 Qa5 18. h3 Bd7 19. Bd4 e5 20. Qf3 Bf6 21. Bc3 Qb5 22. Rcd1 Bc6 23. Qh5 g6 24. Qg4 a5 25. Bc4 Qc5 26. Rc1 Qe7 27. h4 e4 28. h5 Kg7 29. hxg6 hxg6 30. Bxf6+ Qxf6 31. Qe2 Rh8 32. g3 e3 33. f3 Qxf3 34. Qxf3 Bxf3 35. Rxe3 Rh1+ 36. Kf2 Rxc1 37. Kxf3 Rxc4 0-1


[Site "https://www.chess.com"]

[Event "Titled Tuesday Blitz August 1 Early 2023"]
[White "Bazilius, Augustinas"]
[Black "Remolar Gallen, Jose"]
[WhiteFideId "12832251"]
[BlackFideId "2215187"]
[WhiteElo "2410"]
[BlackElo "2545"]
[Result "1-0"]
[Round "5"]
[TimeControl "180+1"]
[Date "2023.08.01"]
[WhiteClock "0:00:09"]
[BlackClock "0:00:00"]
[Board "131"]

1. d4 Nf6 2. c4 g6 3. Nc3 Bg7 4. e4 d6 5. h3 O-O 6. Be3 e5 7. d5 Na6 8. g4 Nc5 9. f3 a5 10. Qd2 Ne8 11. h4 f5 12. exf5 gxf5 13. gxf5 Bxf5 14. O-O-O a4 15. Bh3 Qf6 16. Bg5 Qf7 17. Nge2 a3 18. b3 Nd3+ 19. Qxd3 Bxd3 20. Be6 Bxe2 21. Bxf7+ Rxf7 22. Nxe2 Rxf3 23. Rdf1 Rxf1+ 24. Rxf1 h6 25. Be3 Nf6 26. Ng3 Ng4 27. Bd2 Rf8 28. Rg1 e4 29. Nh5 e3 30. Rxg4 exd2+ 31. Kxd2 Rf7 32. Kd3 Kh7 33. Rxg7+ Rxg7 34. Nxg7 Kxg7 35. Ke4 Kg6 36. Kf4 Kh5 37. Kg3 c5 38. dxc6 bxc6 39. b4 d5 40. cxd5 cxd5 41. b5 d4 42. b6 d3 43. Kf3 d2 44. Ke2 Kxh4 45. b7 1-0


[Site "https://www.chess.com"]

[Event "Titled Tuesday Blitz August 1 Early 2023"]
[White "Ganiev, Roman"]
[Black "Silva Lucena, Cristian"]
[WhiteFideId "4131452"]
[BlackFideId "2232588"]
[WhiteElo "2544"]
[BlackElo "2411"]
[Result "1-0"]
[Round "5"]
[TimeControl "180+1"]
[Date "2023.08.01"]
[WhiteClock "0:00:04"]
[BlackClock "0:00:08"]
[Board "132"]

1. e4 c6 2. d4 d5 3. Nc3 dxe4 4. Nxe4 Nf6 5. Nxf6+ exf6 6. c3 Bd6 7. Bd3 O-O 8. Ne2 Re8 9. O-O h5 10. Nf4 Qc7 11. g3 h4 12. Qh5 hxg3 13. hxg3 f5 14. Bxf5 Bxf5 15. Qxf5 b6 16. Kg2 Qc8 17. Qh5 Re6 18. Nxe6 Qxe6 19. Qf3 Qd5 20. Qxd5 cxd5 21. Kf3 Nd7 22. Bf4 Bf8 23. Rfe1 Rc8 24. a4 f6 25. g4 g5 26. Bg3 Kf7 27. Rh1 Rc6 28. Rh7+ Bg7 29. Re1 Nf8 30. Rxg7+ Kxg7 31. Re7+ Kg6 32. Rxa7 Re6 33. Rb7 Rc6 34. Rc7 Re6 35. b4 Re1 36. a5 bxa5 37. bxa5 Ra1 38. Rc5 Kf7 39. Rxd5 Ra3 40. Rc5 Ne6 41. Rc4 Rxa5 42. Ke4 Ra2 43. Rb4 Re2+ 44. Kd5 Nf4+ 45. Bxf4 gxf4 46. Rb7+ Kg6 47. f3 Re3 48. c4 Rxf3 49. c5 Rc3 50. Rb2 Kg5 51. Kd6 Kxg4 52. c6 f3 53. d5 Kg3 54. c7 Rc1 55. Kd7 f2 56. Rxf2 Kxf2 57. d6 f5 58. Ke6 f4 59. d7 Rxc7 60. d8=Q Rc2 61. Qd4+ Ke2 62. Qe4+ Kd2 63. Qxf4+ Kc3 64. Kd5 Kb3 65. Qe3+ Rc3 66. Qd2 Rc2 67. Qd1 Kc3 68. Kc5 Kb2+ 69. Kb5 Rc3 70. Kb4 Rc2 71. Qd4+ Kc1 72. Kb3 Rd2 73. Qg1+ Rd1 74. Qf2 Rd3+ 75. Kc4 Rd2 76. Qe3 Kc2 77. Qb3+ Kc1 78. Qe3 Kc2 79. Qe1 Rd1 80. Qe4+ Kc1 81. Kc3 Rd2 82. Qe1+ Rd1 83. Qe3+ Kb1 84. Qf2 Rc1+ 85. Kb3 Rc3+ 86. Kxc3 1-0


[Site "https://www.chess.com"]

[Event "Titled Tuesday Blitz August 1 Early 2023"]
[White "jimmy-schlumpf"]
[Black "Womacka, Mathias"]
[BlackFideId "4611390"]
[WhiteElo "2400"]
[BlackElo "2542"]
[Result "1/2-1/2"]
[Round "5"]
[TimeControl "180+1"]
[Date "2023.08.01"]
[WhiteClock "0:01:34"]
[BlackClock "0:01:43"]
[Board "133"]

1. d4 Nf6 2. Nf3 e6 3. c4 Bb4+ 4. Nbd2 O-O 5. a3 Be7 6. e4 d5 7. e5 Nfd7 8. cxd5 exd5 9. Bd3 c5 10. O-O Nc6 11. Qc2 h6 12. Re1 a5 13. b3 cxd4 14. Bb2 Nc5 15. Nxd4 Nxd4 16. Bxd4 Nxd3 17. Qxd3 Be6 18. Rec1 Qd7 19. Bc5 1/2-1/2


[Site "https://www.chess.com"]

[Event "Titled Tuesday Blitz August 1 Early 2023"]
[White "Begunov, Konstantin"]
[Black "Malka, Samuel"]
[WhiteFideId "4118510"]
[BlackFideId "20643675"]
[WhiteElo "2395"]
[BlackElo "2542"]
[Result "1-0"]
[Round "5"]
[TimeControl "180+1"]
[Date "2023.08.01"]
[WhiteClock "0:01:22"]
[BlackClock "0:00:16"]
[Board "134"]

1. d4 Nf6 2. c4 g6 3. f3 Bg7 4. e4 d6 5. Nc3 O-O 6. Be3 a6 7. Qd2 Nc6 8. Nge2 Na5 9. Nc1 Nd7 10. b4 Nc6 11. a3 e5 12. Nb3 f5 13. d5 Nd4 14. Nxd4 exd4 15. Bxd4 Bxd4 16. Qxd4 Ne5 17. Be2 Qh4+ 18. g3 Qh3 19. f4 Ng4 20. Bxg4 Qxg4 21. O-O Bd7 22. Rae1 Rae8 23. Kg2 h5 24. h3 1-0


[Site "https://www.chess.com"]

[Event "Titled Tuesday Blitz August 1 Early 2023"]
[White "Gauri, Shankar"]
[Black "Bueno, Alfeu Junior Varela"]
[WhiteFideId "5041350"]
[BlackFideId "2108879"]
[WhiteElo "2541"]
[BlackElo "2395"]
[Result "1-0"]
[Round "5"]
[TimeControl "180+1"]
[Date "2023.08.01"]
[WhiteClock "0:00:15"]
[BlackClock "0:00:04"]
[Board "135"]

1. e4 e6 2. d4 d5 3. Nd2 Nf6 4. e5 Nfd7 5. c3 c5 6. Bd3 Nc6 7. Ne2 cxd4 8. cxd4 f6 9. exf6 Nxf6 10. Nf3 Bd6 11. O-O Qc7 12. h3 O-O 13. Be3 e5 14. dxe5 Nxe5 15. Nxe5 Bxe5 16. Rc1 Qf7 17. Qb3 Kh8 18. Bd4 Bxd4 19. Nxd4 Nh5 20. Bb1 Nf4 21. Qe3 Qf6 22. Rfe1 Bd7 23. Kh2 Qh6 24. Qg3 Qf6 25. Nf3 h6 26. Rc7 Bc6 27. Ree7 Rg8 28. Nh4 g5 29. Rh7# 1-0


[Site "https://www.chess.com"]

[Event "Titled Tuesday Blitz August 1 Early 2023"]
[White "Rosenberg, Evan S"]
[Black "Andreev, Konstantin"]
[WhiteFideId "2019299"]
[BlackFideId "24239305"]
[WhiteElo "2394"]
[BlackElo "2540"]
[Result "0-1"]
[Round "5"]
[TimeControl "180+1"]
[Date "2023.08.01"]
[WhiteClock "0:00:02"]
[BlackClock "0:00:31"]
[Board "136"]

1. d4 Nf6 2. Nf3 d5 3. Bg5 Ne4 4. Bh4 h6 5. c4 c6 6. Nc3 Bf5 7. Qb3 Qb6 8. c5 Qxb3 9. axb3 Na6 10. Ra4 Nc7 11. e3 a6 12. Nd2 Nxd2 13. Kxd2 e6 14. Bg3 Kd7 15. f3 Rc8 16. e4 Bh7 17. Bd3 Be7 18. h4 h5 19. Re1 Bf6 20. e5 Be7 21. Bf1 Rhg8 22. f4 f6 23. Be2 fxe5 24. fxe5 g5 25. Bf3 gxh4 26. Bf4 Bg5 27. Bxg5 Rxg5 28. Rh1 Rcg8 29. Ne2 Be4 30. Rxh4 Rf8 31. Bxe4 dxe4 32. g3 Nd5 33. Rxe4 Rf2 34. Ke1 Rgf5 35. Nf4 Rxb2 36. Nxd5 cxd5 37. Rf4 Rxf4 38. gxf4 Rxb3 39. Ke2 h4 40. Ra1 h3 41. Rh1 h2 42. Kd2 Rb2+ 43. Kc3 Rf2 44. Kd3 Kc6 45. Ke3 Rb2 46. f5 exf5 47. e6 Kc7 48. Kf4 Kd8 49. Kxf5 Ke7 50. Ke5 a5 51. Kxd5 a4 52. Kc4 a3 53. d5 Re2 54. Kb3 a2 55. c6 bxc6 56. dxc6 Kxe6 57. c7 Kd7 58. Rc1 Kc8 0-1


[Site "https://www.chess.com"]

[Event "Titled Tuesday Blitz August 1 Early 2023"]
[White "Foerster-Yialamas, Lucas"]
[Black "Al-Tarboush, Ward"]
[WhiteFideId "30901774"]
[BlackFideId "7601450"]
[WhiteElo "2391"]
[BlackElo "2540"]
[Result "1/2-1/2"]
[Round "5"]
[TimeControl "180+1"]
[Date "2023.08.01"]
[WhiteClock "0:00:08"]
[BlackClock "0:01:21"]
[Board "137"]

1. e4 c5 2. Nf3 Nc6 3. d4 cxd4 4. Nxd4 Nf6 5. Nxc6 bxc6 6. Nc3 e5 7. Bg5 Bb4 8. Qf3 O-O 9. Bxf6 Qxf6 10. Qxf6 gxf6 11. Bc4 d6 12. Rd1 Be6 13. Bxe6 fxe6 14. Ke2 Bxc3 15. bxc3 d5 16. f3 Rab8 17. Rb1 Rb6 18. Rxb6 axb6 19. Rb1 b5 20. a3 Kf7 21. Ke3 Ke7 22. f4 Kd6 23. g3 Ra8 24. Rb3 Ra4 25. exd5 exd5 26. fxe5+ fxe5 27. Kd2 h5 28. Rb4 Ke6 29. Rxa4 bxa4 30. c4 d4 31. Kd3 Kf5 32. c5 Kg4 33. Ke4 Kh3 34. Kxe5 Kxh2 35. Kd6 Kxg3 36. Kxc6 h4 37. Kb5 h3 38. c6 h2 39. c7 h1=Q 40. c8=Q Kf2 41. Kxa4 Ke3 42. Qc4 Qa8+ 43. Kb3 Qb7+ 44. Ka2 Qe4 45. a4 Kd2 46. Kb3 Qe3+ 47. Qd3+ Qxd3+ 48. cxd3 Kxd3 49. a5 Ke2 50. a6 d3 51. a7 d2 52. a8=Q d1=Q+ 53. Kb2 Qd4+ 54. Kb1 Kd2 55. Qa5+ Kd1 56. Qa3 Qb6+ 57. Qb2 Qg6+ 58. Ka1 Qa6+ 59. Kb1 Qd3+ 60. Ka1 Qc2 61. Qxc2+ Kxc2 1/2-1/2


[Site "https://www.chess.com"]

[Event "Titled Tuesday Blitz August 1 Early 2023"]
[White "Golubev, Mikhail"]
[Black "Spichkin, Alexander"]
[WhiteFideId "14100983"]
[BlackFideId "4144074"]
[WhiteElo "2539"]
[BlackElo "2388"]
[Result "0-1"]
[Round "5"]
[TimeControl "180+1"]
[Date "2023.08.01"]
[WhiteClock "0:00:00"]
[BlackClock "0:01:02"]
[Board "138"]

1. e4 e5 2. Nf3 d5 3. Nxe5 Bd6 4. d4 dxe4 5. Bc4 Bxe5 6. Qh5 Qe7 7. Qxe5 Qxe5 8. dxe5 Nc6 9. Nc3 Bf5 10. Bf4 Nge7 11. e6 fxe6 12. Bxc7 Rc8 13. Bg3 Nd4 14. Bb3 Nd5 15. Nxd5 exd5 16. O-O-O Nxb3+ 17. axb3 O-O 18. Rxd5 e3 19. c3 Be4 20. Rd7 Bxg2 21. Re1 exf2 22. Bxf2 Rxf2 23. Ree7 Bc6 24. Rxg7+ Kf8 25. Rde7 h5 26. Rh7 Re8 27. Rxe8+ Bxe8 28. Rxb7 Rxh2 29. Rxa7 Rf2 30. Rh7 Bg6 31. Rh8+ Kg7 32. Rb8 h4 33. Kd1 h3 34. Ke1 h2 35. Kxf2 h1=Q 36. Rb4 Qh2+ 37. Ke3 Qxb2 38. Kd4 Qd2+ 39. Kc4 Qd3+ 40. Kc5 Qxc3+ 41. Kb5 Bd3+ 42. Ka5 Bc2 0-1


[Site "https://www.chess.com"]

[Event "Titled Tuesday Blitz August 1 Early 2023"]
[White "Silva, Pedro Gil Ferreira Da"]
[Black "Perez, Maximiliano"]
[WhiteFideId "1946102"]
[BlackFideId "117234"]
[WhiteElo "2388"]
[BlackElo "2536"]
[Result "0-1"]
[Round "5"]
[TimeControl "180+1"]
[Date "2023.08.01"]
[WhiteClock "0:01:41"]
[BlackClock "0:00:46"]
[Board "139"]

1. e4 c5 2. Nf3 Nc6 3. Bb5 g6 4. O-O Bg7 5. c3 Nf6 6. d4 d5 7. exd5 Qxd5 8. c4 Qd6 9. d5 a6 10. Ba4 b5 11. dxc6 bxa4 12. Qxd6 exd6 13. Re1+ Be6 14. Ng5 Ke7 15. Nc3 h6 16. Nxe6 fxe6 17. Nd5+ Kf7 18. Nc7 Ra7 19. Nxe6 Re7 20. Bf4 Rxe6 21. Rxe6 Kxe6 22. Re1+ Kf7 23. Bxd6 Bf8 24. Be5 Be7 25. f4 Rc8 26. c7 Ng4 0-1


[Site "https://www.chess.com"]

[Event "Titled Tuesday Blitz August 1 Early 2023"]
[White "Buscar, Michael"]
[Black "Fiorito, Francisco"]
[WhiteFideId "2603616"]
[BlackFideId "180165"]
[WhiteElo "2385"]
[BlackElo "2531"]
[Result "0-1"]
[Round "5"]
[TimeControl "180+1"]
[Date "2023.08.01"]
[WhiteClock "0:00:42"]
[BlackClock "0:01:13"]
[Board "140"]

1. d4 Nf6 2. c4 c5 3. d5 b5 4. cxb5 a6 5. bxa6 Bxa6 6. g3 g6 7. Bg2 d6 8. Nf3 Bg7 9. O-O O-O 10. Nc3 Nbd7 11. Nd2 Qb6 12. Rb1 Rfb8 13. f4 c4+ 14. Kh1 Ng4 15. Nde4 f5 16. Bh3 h5 17. Bxg4 hxg4 18. Nd2 Nf6 19. Qc2 Qc5 20. e4 fxe4 21. Ndxe4 Nxe4 22. Qxe4 Bxc3 23. bxc3 Rxb1 24. Qxg6+ Kf8 25. Qxb1 Qxd5+ 26. Kg1 Bb7 27. Kf2 Rxa2+ 28. Ke1 Qe6+ 0-1


[Site "https://www.chess.com"]

[Event "Titled Tuesday Blitz August 1 Early 2023"]
[White "Mekhane, Adam"]
[Black "Han, Yichen"]
[WhiteFideId "36050601"]
[BlackFideId "1054430"]
[WhiteElo "2531"]
[BlackElo "2384"]
[Result "0-1"]
[Round "5"]
[TimeControl "180+1"]
[Date "2023.08.01"]
[WhiteClock "0:00:06"]
[BlackClock "0:01:29"]
[Board "141"]

1. e4 e5 2. Nc3 Nc6 3. g3 h5 4. Nf3 d6 5. Bg2 Be6 6. O-O h4 7. Nxh4 Qd7 8. b4 Bh3 9. Bxh3 Qxh3 10. Qf3 Rxh4 11. Qg2 Qxg2+ 12. Kxg2 Rh8 13. Nd5 O-O-O 14. c3 Nge7 15. Ne3 g6 16. a4 d5 17. exd5 Nxd5 18. Nc4 Bg7 19. Re1 Nb6 20. Ne3 e4 21. a5 Nd5 22. Nxd5 Rxd5 23. Rxe4 Re5 24. Rxe5 Nxe5 25. d4 Nc4 26. Bf4 Re8 27. Kf3 Bf8 28. Rh1 Bd6 29. Bc1 b6 30. axb6 cxb6 31. h4 a5 32. bxa5 bxa5 33. h5 gxh5 34. Rxh5 a4 35. Rb5 a3 36. Rb1 Re1 37. Ra1 a2 38. Rxa2 Rxc1 39. Ra8+ Kd7 40. Ra7+ Ke6 41. d5+ Kxd5 42. Rxf7 Ne5+ 43. Kg2 Nxf7 0-1


[Site "https://www.chess.com"]

[Event "Titled Tuesday Blitz August 1 Early 2023"]
[White "Heinemann, Josefine"]
[Black "Gu, Xiaobing"]
[WhiteFideId "12900460"]
[BlackFideId "8602611"]
[WhiteElo "2529"]
[BlackElo "2384"]
[Result "1-0"]
[Round "5"]
[TimeControl "180+1"]
[Date "2023.08.01"]
[WhiteClock "0:00:08"]
[BlackClock "0:00:00"]
[Board "142"]

1. e4 c5 2. c3 Nf6 3. e5 Nd5 4. Nf3 Nc6 5. Bc4 Nb6 6. Bb3 c4 7. Bc2 d6 8. exd6 Qxd6 9. O-O Bg4 10. Re1 O-O-O 11. Qe2 e5 12. Na3 Kb8 13. Nxc4 Nxc4 14. Qxc4 Bxf3 15. gxf3 h5 16. Be4 h4 17. d3 h3 18. Qxf7 Be7 19. Be3 Rdf8 20. Qd5 Qf6 21. Qb5 a6 22. Qb6 Bd8 23. Qb3 Na5 24. Qa4 Rh4 25. Kf1 g5 26. b4 g4 27. bxa5 gxf3 28. Qb4 Qg7 29. Reb1 Rf7 30. Ke1 Rg4 31. Kd2 Rg2 32. Qd6+ Bc7 33. Qc5 Rd7 34. Qa7+ Kc8 35. Qxb7+ Kd8 36. Qa8+ Ke7 37. Bc5+ Kf7 38. Qc6 Kg8 39. Qe6+ Kh8 40. Qxh3+ Kg8 41. Qxf3 Qg5+ 42. Kc2 Rg4 43. Bd5+ Kg7 44. Qf8+ Kg6 45. Qg8+ Rg7 46. Qe8+ Kh6 47. Be3 Rf4 48. Bxf4 Qxf4 49. Kb3 Bd6 50. Qe6+ Rg6 51. Qh3+ Kg7 52. Rg1 1-0


[Site "https://www.chess.com"]

[Event "Titled Tuesday Blitz August 1 Early 2023"]
[White "Palczert, Matyas"]
[Black "Lopez Gracia, Fernando"]
[WhiteFideId "784958"]
[BlackFideId "2207184"]
[WhiteElo "2529"]
[BlackElo "2379"]
[Result "1-0"]
[Round "5"]
[TimeControl "180+1"]
[Date "2023.08.01"]
[WhiteClock "0:00:12"]
[BlackClock "0:00:01"]
[Board "143"]

1. e4 c5 2. Nf3 e6 3. d4 cxd4 4. Bg5 Qa5+ 5. c3 dxc3 6. Nxc3 Nc6 7. Bd3 Ne5 8. Nxe5 Qxe5 9. Be3 Bc5 10. f4 Qc7 11. Nb5 Qa5+ 12. Qd2 Bb4 13. Nc3 d5 14. exd5 exd5 15. Bd4 Ne7 16. a3 O-O 17. O-O-O Bd6 18. g4 Bd7 19. f5 Nc6 20. Bxg7 Rfe8 21. Bf6 h6 22. Qxh6 Bf8 23. Qh8# 1-0


[Site "https://www.chess.com"]

[Event "Titled Tuesday Blitz August 1 Early 2023"]
[White "Sreyas Payyappat"]
[Black "Lopez Del Alamo, Antonio"]
[WhiteFideId "46674969"]
[BlackFideId "2227339"]
[WhiteElo "2524"]
[BlackElo "2370"]
[Result "1-0"]
[Round "5"]
[TimeControl "180+1"]
[Date "2023.08.01"]
[WhiteClock "0:01:29"]
[BlackClock "0:00:36"]
[Board "144"]

1. e4 c5 2. Nf3 e6 3. d4 cxd4 4. Nxd4 Nf6 5. Nc3 Nc6 6. Ndb5 d6 7. Bf4 e5 8. Bg5 a6 9. Na3 b5 10. Nd5 Be7 11. Bxf6 Bxf6 12. c4 b4 13. Nc2 O-O 14. g3 Rb8 15. b3 Bg5 16. Bg2 Be6 17. O-O Qd7 18. f4 Bd8 19. f5 Bxd5 20. exd5 Bb6+ 21. Kh1 Nd4 22. f6 Qd8 23. Qg4 g6 24. Ne3 Kh8 25. Be4 Rg8 26. Qh4 Qf8 27. Ng4 Bc5 28. Nh6 a5 29. g4 a4 30. g5 Ra8 31. Rad1 axb3 32. axb3 Ra3 33. Rd3 Rxb3 34. Rxb3 Nxb3 35. Rf3 Nd4 36. Rh3 b3 37. Nf5 h5 38. Qxh5+ gxh5 39. Rxh5+ Qh6 40. Rxh6# 1-0


[Site "https://www.chess.com"]